Map: Central Protocol

Players

CMStormPolt (Polt) - Winner!

  • Race: Terran Terran
  • League: Grandmaster

JonSnow

  • Race: Zerg Zerg
  • League: Grandmaster

VOD

Have the link to the VOD?

Description

Time

  • Played on: Feb. 13, 2016, 7:41 p.m.
  • Length: 3:54
Show
View Real Time Build Order
Export as new Build Order

CMStormPolt Terran - Winner!

Build Orders: 3 Rax Reaper 

Get SALT Encoding   

  12  0:01  SCV  
  13  0:13  SCV  
  14  0:18  Supply Depot  
  14  0:25  SCV  
  15  0:40  SCV  
  15  0:42  Barracks  
  16  0:45  Refinery  
  16  0:52  SCV  
  17  1:01  Barracks  
  17  1:04  SCV  
  18  1:16  SCV  
  19  1:21  Barracks  
  19  1:30  Reaper  
  19  1:32  Refinery  
  20  1:43  Orbital Command  
  20  1:47  Reaper  
  21  1:56  Supply Depot  
  21  2:03  Reaper  
  22  2:10  Reaper  
  23  2:17  SCV  
  23  2:22  Reaper  
  25  2:29  SCV, Supply Depot  
  26  2:35  Reaper  
  27  2:42  SCV  
  27  2:43  Reaper  
  29  2:54  SCV  
  29  2:57  Reaper  
  31  3:08  Reaper  
  32  3:19  Supply Depot  
  32  3:27  Supply Depot, Bunker  
  31  3:29  Supply Depot  
  31  3:38  SCV  
Show
View Real Time Build Order
Export as new Build Order

JonSnow Zerg 

Build Orders: Pool Only, Zergling Baneling 

Get SALT Encoding   

  12  0:01  Drone  
  13  0:18  Extractor  
  13  0:20  Drone  
  13  0:29  Spawning Pool  
  13  0:33  Drone  
  13  0:42  Overlord  
  14  0:50  Drone  
  14  1:16  Zergling x6  
  14  1:17  Queen  
  19  1:26  Metabolic Boost  
  19  1:31  Zergling x2  
  20  1:41  Baneling Nest  
  20  1:46  Zergling x2  
  20  1:56  Overlord  
  20  2:02  Zergling x2  
  21  2:10  Zergling x2  
  22  2:26  Zergling x8  
  26  2:35  Zergling x2  
  27  2:39  Baneling x4  
  27  2:48  Zergling x2  
  28  2:56  Zergling x4  
  30  3:04  Baneling x3  
  27  3:22  Zergling x6  
  28  3:27  Baneling x2  
  28  3:32  Zergling x2  
Tags
 
Add a new tag
Caveats
  • Supply blocks, unpowered buildings, or Contaminate may cause inaccurate times.
  • Supply counts are checked every 10 seconds.